AoeStats
← mtc202

Nomad

507874202Analyzed
3v3 RM · 13d ago on Sep 20, 2026· 54m 55s· 6 players
Game mode
Random Map
Map size
210×210
Population
200
Speed
Normal
Resources
Standard
Victory
Conquest
Starting age
Dark Age
Ending age
Imperial Age
RankedLock teamsTeams togetherTeam positionsShared explorationLock speedFull tech treeHidden civsTurbo modeCheats
Victory
Defeat
🇺🇸 Slavs · United States
866
+20
🇺🇸 Wei · United States
861
+20
🇺🇸 Georgians · United States
776
+23
🇦🇷 Sicilians · Argentina
989
-73
🇦🇷 Malians · Argentina
982
-27
🇦🇷 Portuguese · Argentina
863
-40
4TOM!C
9:21 Loom
12:44 Feudal Age
13:10 Double-Bit Axe
19:56 Castle Age
18:27 Gold Mining
19:07 Fishing Lines
21:07 Bow Saw
22:24 Stone Mining
22:48 Fletching
25:06 Wheelbarrow
28:08 Horse Collar
29:40 Heavy Plow
36:06 Imperial Age
34:06 Murder Holes
35:24 Pikeman
36:16 Forging
37:40 Halberdier
38:49 Circumnavigation
39:44 Scale Mail Armor
42:37 Two-Man Saw
42:03 Conscription
43:15 Gambesons
43:38 Arquebus
45:44 Crop Rotation
45:12 Bodkin Arrow
51:50 Elite Organ Gun
53:11 Chain Mail Armor
53:41 Ballistics
StrikePR0
6:00 Loom
16:45 Feudal Age
17:11 Fishing Lines
18:21 Double-Bit Axe
18:18 Horse Collar
19:49 Gold Mining
31:28 Castle Age
31:01 Wheelbarrow
30:12 Town Watch
42:47 Medium Warships
43:45 Gillnets
47:23 Gold Shaft Mining
46:39 Stone Mining
48:09 Pikeman
48:49 Squires
48:34 Arson
51:55 Imperial Age
50:05 Gambesons
50:58 Masonry
51:09 Ballistics
52:32 Fletching
52:43 Padded Archer Armor
52:44 Scale Mail Armor
52:54 Forging
53:26 Stone Shaft Mining
54:24 Chemistry
53:47 Hand Cart
53:33 Town Patrol
53:40 Halberdier
54:41 Chain Mail Armor
54:22 Bodkin Arrow
Lord Player
5:49 Loom
14:17 Feudal Age
14:47 Double-Bit Axe
22:09 Castle Age
21:44 Wheelbarrow
21:27 Stone Mining
21:33 Fishing Lines
22:01 Gold Mining
23:30 Gillnets
25:14 Stone Shaft Mining
25:11 Bow Saw
26:10 Wheelbarrow
28:09 Hand Cart
28:26 Town Watch
36:10 Forging
36:00 Scale Mail Armor
36:10 Fletching
36:20 Padded Archer Armor
36:46 Ballistics
39:02 Imperial Age
40:45 Tigui
41:01 Elite Gbeto
51:42 Chemistry
gohome190
6:14 Loom
17:15 Feudal Age
17:21 Man-at-Arms
18:02 Town Watch
18:15 Double-Bit Axe
21:30 Arson
33:50 Castle Age
32:36 Bloodlines
32:40 Horse Collar
34:53 Town Patrol
34:44 Long Swordsman
38:27 Svan Towers
38:58 Squires
42:34 Husbandry
41:56 Light Cavalry
44:41 Wheelbarrow
45:39 Hand Cart
52:56 Imperial Age
51:10 Gambesons
mtc202
4:57 Loom
14:59 Feudal Age
16:42 Wheelbarrow
15:55 Double-Bit Axe
15:53 Fishing Lines
20:29 Forging
22:43 Castle Age
23:14 Gold Mining
23:59 Hand Cart
24:12 Stone Mining
26:15 Scale Barding Armor
26:47 Husbandry
26:57 Bloodlines
27:26 Iron Casting
28:08 Horse Collar
28:51 Chain Barding Armor
28:28 Demolition Ship
29:21 Medium Warships
29:14 Fletching
31:15 Gold Shaft Mining
32:53 Town Watch
34:00 Heavy Plow
37:17 Tuntian
42:02 Imperial Age
39:45 Bodkin Arrow
40:50 Ballistics
40:45 Clinker Construction
43:08 Conscription
42:11 Elite Tiger Cavalry
43:34 Town Patrol
43:38 Squires
44:40 Blast Furnace
45:45 Hoardings
46:36 Caravan
47:05 Bracer
47:34 Ming Guang Armor
51:54 Chemistry
50:51 Murder Holes
51:13 Masonry
peranteaus
4:08 Loom
15:56 Feudal Age
16:46 Double-Bit Axe
18:40 Forging
18:32 Scale Mail Armor
18:34 Fishing Lines
23:58 Horse Collar
28:24 Castle Age
27:31 Bloodlines
27:27 Fletching
27:46 Scale Barding Armor
29:47 Bow Saw
29:52 Husbandry
32:18 Light Cavalry
34:18 Gold Mining
34:04 Pikeman
34:47 Squires
37:57 Wheelbarrow
37:18 Fletching
41:03 Hand Cart
40:34 Town Watch
42:02 Ballistics
41:38 Murder Holes
42:23 Detinets
46:30 Imperial Age
43:59 Bodkin Arrow
46:58 Gold Shaft Mining
46:14 Stone Mining
48:15 Chemistry
47:43 Conscription
48:19 Heavy Scorpion
48:24 Hussar
50:28 Hoardings
50:11 Halberdier
53:54 Iron Casting
53:40 Chain Barding Armor
53:21 Padded Archer Armor
Connection lost

Rejoining the realm…

Still unreachable

The connection could not be restored.

Session expired

The server has moved on; the page needs a fresh start.